 Dungeon Crawl Stone Soup version bcrawl-1.27.8b (webtiles) character file.

Game seed: 13613240433685083883

164435 LostNumber the Sneak (level 4, -2/25 HPs)
             Began as a Vine Stalker Archaeologist on Nov 11, 2020.
             Killed by divine providence
             ... invoked by an orc priest
              (10 damage)
             ... on level 3 of the Dungeon.
             The game lasted 00:01:59 (1423 turns).

LostNumber the Sneak (Vine Stalker Archaeologist)   Turns: 1423, Time: 00:02:00

Health: -2/25      AC:  6    Str: 14    XL:     4   Next: 71%
Magic:  5/5        EV: 13    Int: 14    God:
Gold:   202        SH:  0    Dex: 13    Spells: 3/3 levels left

rFire    . . .     SeeInvis .   p - +1 dagger (protect)
rCold    . . .     Gourm    .   (no shield)
rNeg     . . .     Faith    .   b - +1 robe
rPois    .         Spirit   .   c - +1 hat
rElec    .         Reflect  .   (no cloak)
rCorr    .         Harm     .   (no gloves)
MR       .....                  d - +1 pair of boots
Stlth    +.........             (no amulet)
HPRegen  0.48/turn              (no ring)
MPRegen  0.09/turn              (no ring)

@: confused
A: fangs 2, regeneration 1, no potion heal 3, rot immunity, strong jaws
a: no special abilities


You were on level 3 of the Dungeon.
You were very hungry.

You visited 1 branch of the dungeon, and saw 3 of its levels.

You collected 202 gold pieces.

Inventory:

Hand Weapons
 a - a +0 whip
 p - a +1 dagger of protection (weapon)
   (You found it on level 2 of the Dungeon)
Missiles
 i - a throwing net {=f!f}
Armour
 b - a +1 robe (worn)
 c - a +1 hat (worn)
 d - a +1 pair of boots (worn)
 l - a +0 cloak
   (You found it on level 1 of the Dungeon)
Jewellery
 n - a +6 amulet of reflection {unknown}
   (You found it on level 1 of the Dungeon)
 v - a cursed +5 ring of dexterity {unknown}
   (You found it on level 2 of the Dungeon)
Wands
 u - a wand of polymorph (7)
   (You found it on level 2 of the Dungeon)
Scrolls
 g - a scroll of magic mapping
 h - a scroll of identify {@r1}
 j - 3 scrolls of remove curse {unknown}
 m - 3 scrolls of teleportation {unknown}
 q - a scroll of enchant weapon {unknown}
 s - a scroll of enchant armour {unknown}
 t - 2 scrolls of amnesia {unknown}
Potions
 o - a potion of cancellation {unknown}
 w - a potion of brilliance {unknown}
 x - a potion of agility {unknown}
Miscellaneous
 f - a dusty tome
Comestibles
 e - 6 rations {!d!d}
 k - 7 chunks of flesh


   Skills:
 - Level 1.4 Fighting
 * Level 2.9 Short Blades
 - Level 0.8 Maces & Flails
 - Level 3.3 Dodging
 - Level 4.9 Stealth


You had 3 spell levels left.
You didn't know any spells.
Your spell library contained the following spells:

 Spells                   Type           Power        Failure   Level  Hunger
 Confuse                  Hex            #.......     65%         3    #####..
 Dazzling Orbs            Conj/Hex       #......      65%         3    #####..
 Petrify                  Tmut/Erth      #.........   96%         4    ######.
 Yara's Violent Unravell  Hex/Tmut       #.........   96%         4    ######.
 Metabolic Englaciation   Hex/Ice        #.........   100%        5    #######
 Mana Rupture             Conj/Hex       #.........   100%        7    #######


Dungeon Overview and Level Annotations

Branches:
Dungeon (3/12)

Altars:


Innate Abilities, Weirdness & Mutations

You have extremely sharp teeth.
Your natural rate of healing is unusually fast.
Potions cannot restore your health.
You are immune to rotting.
Your bites deal extra damage.


Message History

The orc wizard hits you but does no damage.
An orc comes into view. It is wielding a -1 club.
The orc shouts!
You hit the orc wizard.
Your weapon exudes an aura of protection.
You hear a shout!
The orc wizard hits you with a +0 dagger.
You closely miss the orc wizard.
The orc wizard points at you and mumbles some strange words.
You resist with some effort. The orc hits you with a cursed -1 club.
* * * LOW HITPOINT WARNING * * *
You miss the orc wizard.
You bite the orc wizard, but do no damage.
The orc wizard mumbles some strange words.
The orc wizard flickers and vanishes!
Deactivating autopickup; reactivate with Ctrl-A.
You hit something but do no damage. The orc hits you with a cursed -1 club.
* * * LOW HITPOINT WARNING * * *
Something barely misses you.
You barely miss something. The orc hits you but does no damage.
Something hits you but does no damage.
An orc priest comes into view. It is wielding a +0 short sword.
Unknown command.
You hit something.
Reactivating autopickup.
You feel a bit more experienced. The orc misses you.
You barely miss the orc. The orc completely misses you.
Unknown command.
You are feeling very hungry.
You hit the orc but do no damage. The orc barely misses you.
You closely miss the orc. The orc hits you but does no damage. x2
You barely miss the orc. The orc hits you but does no damage.
The orc barely misses you.
You hit the orc but do no damage. The orc barely misses you.
The orc misses you.
You closely miss the orc. The orc closely misses you.
You closely miss the orc. The orc misses you. The orc barely misses you.
You closely miss the orc. Your bite misses the orc.
The orc hits you but does no damage.
Okay, then.
You barely miss the orc. You bite the orc, but do no damage.
The orc hits you but does no damage. The orc misses you.
It was a potion of ambrosia.
You are confused.
Your system rejects the healing.
You feel invigorated. The orc hits you but does no damage. x2
You bump into the rock wall.
The orc hits you but does no damage.
The orc priest invokes the aid of Beogh against you.
Beogh smites you!
You die...

#.# ##### #.# .....###
####.#.########## .....$.
.................. #o...#
#####.####.###### #....#
#.# #.## #...%# #.# #..#
#..))#######.# ##.##
#....'.oo@oo.#####..######
#....######...............
#....# #...######..#####
###########..# ##.##
.........#######..####
......................
.........########..###
........## ###'###
#######.### #..)..(


You could see an orc priest and 3 orcs.

Vanquished Creatures
  An orc wizard (D:3)
  An adder (D:2)
  6 worms
  A leopard gecko (D:2)
  3 orcs
  8 bats
  2 giant cockroaches
  5 goblins
  3 hobgoblins
  2 jackals (D:2)
  2 quokkas (D:2)
  3 frilled lizards
  3 kobolds
  4 rats
44 creatures vanquished.

Notes
Turn   | Place    | Note
-------+----------+-------------------------------------------
     0 | D:1      | LostNumber the Vine Stalker Archaeologist began the quest
                  | for the Orb.
     0 | D:1      | Reached XP level 1. HP: 11/11 MP: 2/2
   212 | D:1      | Reached skill level 1 in Fighting
   371 | D:1      | Reached XP level 2. HP: 14/16 MP: 3/3
   788 | D:2      | Reached XP level 3. HP: 20/20 MP: 4/4
   844 | D:2      | Reached skill level 1 in Short Blades
  1093 | D:2      | Reached XP level 4. HP: 25/25 MP: 5/5
  1423 | D:3      | Killed from afar by an orc priest

Skill      XL: |  1  2  3 |
---------------+----------+-----
Fighting       | 1 |  1.4
Short Blades   | 2 |  2.9
Maces & Flails | |  0.8
Dodging        | |  3.3
Stealth        | |  4.9

Action                   |  1- 3 |  4- 6 || total
-------------------------+-------+-------++-------
Melee: Whip              |    49 |       ||    49
       Bite              |    15 |     7 ||    22
       Dagger            |   128 |    89 ||   217
  Use: Potion            |       |     1 ||     1
 Stab: Sleeping          |     4 |     3 ||     7
  Eat: Chunk             |     4 |     2 ||     6
Armor: Robe              |    65 |    39 ||   104
Dodge: Dodged            |   121 |    45 ||   166
